Map: Orbital Shipyard

Players

HBomb

  • Race: Terran Terran
  • League: Gold

NewbtosS - Winner!

  • Race: Terran Terran
  • League: Gold

VOD

http://www.twitch.tv/voodoochilli/v/27960928

Description

Time

  • Played on: Dec. 1, 2015, 8:17 a.m.
  • Length: 16:06
Show
View Real Time Build Order
Export as new Build Order

HBomb Terran 

Build Orders: MMM Bio 

Get SALT Encoding   

  12  0:01  SCV  
  13  0:14  SCV  
  13  0:18  Supply Depot  
  14  0:26  SCV  
  15  0:40  SCV  
  16  0:43  Barracks  
  16  0:47  Refinery  
  16  0:52  SCV  
  17  1:04  SCV  
  18  1:16  SCV  
  19  1:21  Refinery  
  19  1:38  Orbital Command  
  19  1:39  Marine  
  20  1:55  Barracks  
  20  1:59  Barracks  
  19  2:02  Barracks Reactor  
  19  2:12  SCV  
  20  2:16  Supply Depot  
  20  2:24  SCV  
  21  2:36  SCV  
  22  2:40  Marine x2  
  24  2:50  Command Center  
  24  2:52  Marine  
  24  2:55  Barracks Tech Lab  
  24  2:58  Marine  
  25  3:01  SCV  
  27  3:11  Engineering Bay  
  27  3:21  Supply Depot, Stimpack, Marine  
  28  3:32  SCV  
  28  3:34  Marine x2  
  29  3:37  Terran Infantry Weapons Level 1  
  31  3:44  Marine x2  
  33  3:49  Missile Turret  
  33  3:52  Marine  
  33  3:55  Marine  
  34  4:01  Marine  
  34  4:02  Marine  
  37  4:07  Orbital Command  
  37  4:10  Marine  
  37  4:13  Marine  
  39  4:21  Missile Turret  
  39  4:22  Marine  
  40  4:28  Marine  
  38  4:33  Marine  
  39  4:39  Marine x2  
  39  4:42  Factory  
  41  4:49  Marine  
  41  4:50  Marine  
  43  4:54  SCV  
  43  4:57  Marine, Marauder  
  43  4:59  SCV  
  48  5:04  Supply Depot  
  48  5:06  SCV  
  49  5:07  Marine  
  49  5:08  Marine  
  51  5:18  Marauder  
  53  5:22  Marine  
  53  5:28  Supply Depot  
  54  5:29  Starport  
  54  5:30  Factory Reactor  
  54  5:35  Marine  
  54  5:38  Marine  
  54  5:40  Marauder  
  58  5:43  Marine  
  58  5:49  Bunker  
  59  5:53  Marine  
  60  6:01  Marauder  
  62  6:09  Barracks Reactor, Combat Shields  
  61  6:15  Terran Infantry Armor Level 1  
  61  6:22  Medivac x2  
  61  6:23  Marauder  
  60  6:47  Missile Turret  
  60  6:52  Factory Tech Lab  
  60  6:55  Marine  
  60  6:56  Marauder, Marine  
  60  6:57  Marine  
  65  7:02  Refinery  
  65  7:08  Medivac  
  67  7:14  SCV  
  68  7:16  Marine x2  
  70  7:24  Supply Depot  
  70  7:26  SCV, Marauder, Marine x2  
  70  7:28  Supply Depot  
  75  7:30  Missile Turret  
  75  7:33  SCV  
  75  7:35  Marine  
  77  7:38  SCV, Concussive Shells  
  78  7:44  Missile Turret  
  78  7:48  Marauder  
  69  8:26  Marine  
  65  8:27  Marine  
  65  8:29  Marauder, Marine x2  
  69  8:44  Marine x2  
  69  8:45  Medivac  
  69  8:46  Medivac  
  69  8:47  Marine x2  
  74  8:51  Marauder  
  76  9:02  Marine  
  77  9:12  Marauder  
  79  9:19  Missile Turret  
  79  9:22  Missile Turret  
  79  9:33  SCV  
  79  9:34  Marauder  
  79  9:36  Marine  
  79  9:37  Command Center  
  83  9:41  Missile Turret  
  83  9:42  Marine  
  83  9:45  SCV, Armory  
  85  9:49  SCV  
  86  9:55  Supply Depot, Marauder  
  86  9:57  SCV  
  86  9:58  Marine  
  90  10:04  Marine  
  82  10:16  Marauder  
  67  10:22  Marine x2  
  67  10:23  Marine x2  
  71  10:34  SCV  
  72  10:38  Terran Infantry Weapons Level 2, Marauder  
  72  10:42  SCV, Engineering Bay  
  75  10:44  Marine  
  75  10:46  SCV  
  77  10:55  Orbital Command  
  77  10:57  SCV  
  77  10:58  SCV  
  77  10:59  Marauder, Marine x2  
  83  11:05  Siege Tank  
  86  11:14  Terran Vehicle And Ship Armor Level 1, Marine x2  
  88  11:20  Marauder  
  88  11:25  SCV  
  91  11:26  Marine  
  91  11:28  Marine  
  93  11:32  Viking  
  93  11:37  Viking  
  93  11:38  Marine  
  98  11:42  Marauder  
  98  11:45  Liberator  
  99  11:50  Liberator  
  99  11:58  Marine x2  
  101  12:03  Marauder  
  101  12:07  Marine  
  110  12:12  Marine  
  111  12:15  Marine  
  111  12:17  SCV x3  
  111  12:22  Marine  
  115  12:29  Marine  
  117  12:38  Supply Depot x2, Barracks  
  117  12:39  Barracks, Terran Infantry Armor Level 2  
  117  12:40  Marine x3  
  117  12:41  Marauder  
  117  12:42  Liberator  
  122  12:47  Widow Mine, Marine  
  125  12:59  Marine x3  
  125  13:02  Supply Depot, Marauder  
  125  13:05  Marine  
  134  13:16  Missile Turret  
  134  13:17  Marine  
  134  13:19  Marine  
  136  13:20  Marine  
  136  13:22  Marine  
  136  13:24  Marauder  
  140  13:35  Marine  
  140  13:36  Marine x2  
  140  13:38  Marine x2  
  140  13:40  Marine  
  145  13:45  Marauder  
  146  13:49  Medivac  
  146  13:53  Marine  
  149  13:56  Supply Depot  
  149  14:00  Command Center  
  149  14:01  SCV, Marine  
  149  14:05  SCV x2  
  149  14:08  Marauder  
  149  14:09  Medivac  
  134  14:24  Marine  
  101  14:25  Marine  
  101  14:29  Marauder  
  101  14:30  Marine x2  
  87  14:51  Viking x2, Marauder  
  82  15:12  Marauder  
  76  15:20  Viking, Marine  
  76  15:21  Viking, Marine x5  
  65  15:33  Marauder  
  67  15:38  Marine x3  
  67  15:39  Marine x3  
Show
View Real Time Build Order
Export as new Build Order

NewbtosS Terran - Winner!

Build Orders: Hellion Opening 

Get SALT Encoding   

  12  0:01  SCV  
  13  0:13  SCV  
  14  0:25  SCV  
  14  0:28  Supply Depot  
  15  0:36  Refinery  
  15  0:49  SCV  
  16  0:50  Barracks  
  16  1:01  SCV  
  17  1:13  SCV  
  18  1:25  SCV  
  19  1:37  Command Center  
  19  1:42  Orbital Command  
  19  1:48  Marine  
  20  2:03  Factory  
  20  2:08  Barracks Reactor  
  20  2:13  Supply Depot, SCV  
  21  2:25  SCV  
  22  2:33  Refinery  
  22  2:37  SCV  
  23  2:50  Orbital Command  
  23  2:52  SCV  
  23  2:56  Barracks Tech Lab  
  23  2:57  Hellion  
  23  2:58  Hellion  
  28  3:05  SCV  
  29  3:17  SCV  
  29  3:19  SCV, Hellion x2  
  34  3:26  Factory  
  34  3:29  SCV  
  34  3:30  Marine  
  36  3:34  SCV  
  37  3:41  SCV, Hellion x2  
  37  3:46  SCV  
  43  3:50  Supply Depot  
  43  3:51  Marine  
  43  3:53  SCV  
  45  3:58  Starport  
  45  3:59  SCV  
  46  4:11  SCV, Marine  
  46  4:12  Supply Depot, Hellion x2  
  46  4:13  SCV  
  53  4:24  Siege Tank  
  54  4:34  SCV x2  
  54  4:35  Supply Depot  
  56  4:38  Supply Depot  
  56  4:39  Medivac  
  56  4:40  Hellion  
  56  4:41  Hellion  
  62  4:55  Refinery  
  62  4:56  SCV x2  
  62  4:57  Refinery  
  62  4:59  Supply Depot  
  64  5:02  Siege Tank  
  67  5:07  Infernal Pre-Igniter  
  67  5:16  SCV x2, Bunker  
  69  5:28  SCV  
  70  5:35  Hellion x2, Medivac  
  76  5:36  Siege Tank  
  76  5:39  SCV  
  76  5:40  Barracks Tech Lab  
  76  5:42  Supply Depot  
  80  5:43  SCV  
  81  5:51  SCV  
  81  5:55  SCV  
  81  5:56  Engineering Bay  
  83  6:03  SCV, Marauder  
  90  6:04  Hellion x2  
  90  6:07  SCV  
  91  6:14  Siege Tank  
  94  6:36  SCV x2  
  86  6:46  Siege Tank  
  89  6:51  Starport Reactor  
  89  6:52  Supply Depot  
  89  6:53  SCV x2  
  91  6:57  Command Center  
  91  6:59  Armory  
  91  7:01  Missile Turret  
  91  7:03  Armory  
  91  7:05  Missile Turret  
  91  7:07  Missile Turret x2  
  91  7:08  SCV x2, Missile Turret x2  
  93  7:14  Marauder  
  97  7:16  Hellion x2  
  97  7:21  SCV x2  
  101  7:26  Supply Depot  
  101  7:30  Liberator x2  
  101  7:33  SCV  
  102  7:47  SCV  
  102  7:49  SCV  
  102  7:50  Terran Vehicle Weapons Level 1  
  110  7:51  Terran Vehicle And Ship Armor Level 1  
  110  7:59  Missile Turret  
  110  8:02  Sensor Tower  
  110  8:03  Sensor Tower  
  110  8:08  Orbital Command  
  107  8:14  Refinery  
  107  8:19  Missile Turret  
  105  8:20  Refinery  
  105  8:41  Orbital Command, Liberator x2  
  103  8:48  SCV x2  
  103  8:53  Siege Tank  
  108  8:58  Factory  
  108  8:59  Factory x2  
  108  9:01  Supply Depot  
  114  9:08  Missile Turret  
  114  9:10  Missile Turret  
  114  9:11  SCV  
  114  9:12  SCV  
  116  9:21  Missile Turret  
  116  9:23  Missile Turret  
  116  9:24  Supply Depot  
  116  9:27  Siege Tank, Missile Turret, Liberator x2  
  116  9:28  Missile Turret, Hellbat  
  116  9:29  SCV x2, Hellbat  
  116  9:30  SCV  
  132  9:48  SCV x3  
  135  9:58  Sensor Tower  
  135  10:07  Siege Tank, Factory Reactor  
  135  10:08  Factory Reactor  
  121  10:19  Liberator x2  
  118  10:25  Missile Turret  
  118  10:26  Missile Turret  
  118  10:30  SCV x3  
  118  10:31  Missile Turret  
  118  10:34  Hellbat x3  
  127  10:37  Terran Vehicle Weapons Level 2  
  127  10:41  Hellbat  
  127  10:42  SCV  
  136  10:45  Supply Depot  
  136  10:55  Hellbat  
  138  11:00  SCV  
  138  11:01  SCV x2  
  141  11:09  Hellion, Hellbat x3  
  149  11:12  Supply Depot  
  149  11:15  Supply Depot  
  149  11:16  Terran Vehicle And Ship Armor Level 2  
  149  11:17  SCV, Hellion, Hellbat x3  
  158  11:23  Starport  
  158  11:24  Missile Turret  
  158  11:25  Hi-Sec Auto Tracking  
  158  11:27  SCV x2  
  158  11:29  SCV  
  161  11:32  Command Center  
  161  11:35  Command Center  
  161  11:39  SCV  
  162  11:54  Siege Tank x2  
  162  11:55  Hellbat  
  162  11:56  Hellbat x5  
  162  11:59  SCV  
  162  12:00  Starport Tech Lab  
  181  12:02  Starport  
  181  12:24  SCV  
  181  12:26  Siege Tank  
  175  12:30  Siege Tank  
  175  12:31  Hellbat  
  175  12:33  Supply Depot  
  175  12:36  Supply Depot  
  180  12:39  Refinery x2, Starport Reactor  
  180  12:44  Raven, Hellbat x4  
  180  12:45  Orbital Command  
  180  12:46  Hellion x2  
  190  12:56  Sensor Tower  
  190  12:58  Missile Turret  
  190  13:01  Missile Turret  
  190  13:04  Missile Turret  
  190  13:17  Building Armor  
  190  13:19  Planetary Fortress  
  190  13:29  Hellion x5  
  142  14:24  Raven  
  142  14:25  Viking x4  
  140  15:01  Viking x4  
  140  15:02  Siege Tank x2  
  140  15:03  Hellbat x4  
  153  15:16  Hellbat  
  153  15:17  Hellbat  
Tags
 
Composition
MMM Bio
League
GoldGold
Matchup
TvT
Race
Terran
Add a new tag
Caveats
  • Supply blocks, unpowered buildings, or Contaminate may cause inaccurate times.
  • Supply counts are checked every 10 seconds.